 Dungeon Crawl Stone Soup version 0.20-a0-1073-g49e0d3e (webtiles) character file.

1686 Leibowitz the Spear-Bearer (level 9, -7/68 HPs)
             Began as a Merfolk Gladiator on Apr 28, 2017.
             Was a Priest of Okawaru.
             Mangled by Joseph
             ... wielding a +0 quarterstaff
              (8 damage)
             ... on level 7 of the Dungeon on Apr 29, 2017.
             The game lasted 00:18:07 (6276 turns).

Leibowitz the Spear-Bearer (Merfolk Gladiator)      Turns: 6276, Time: 00:18:08

Health: -7/68      AC:  7    Str: 15    XL:     9   Next: 2%
Magic:  9/9        EV: 16    Int:  8    God:    Okawaru [***...]
Gold:   118        SH:  0    Dex: 17    Spells: 5/8 levels left

rFire    . . .     SeeInvis .   a - +0 trident
rCold    . . .     Gourm    .   (no shield)
rNeg     + . .     Faith    .   b - +0 leather armour
rPois    .         Spirit   .   c - +0 helmet
rElec    .         Reflect  .   o - +0 cloak
rCorr    .         Harm     .   k - +1 pair of gloves
MR       .....                  (no boots)
Stlth    +++.......             (no amulet)
Regen    0.3/turn               y - ring of positive energy
MPRegen  0.2/turn               B - ring of stealth

@: no status effects
A: change form in water, swift swim, stealthy swim
a: Heroism, Renounce Religion


You were on level 7 of the Dungeon.
You worshipped Okawaru.
Okawaru was most pleased with you.
You were not hungry.

You visited 1 branch of the dungeon, and saw 7 of its levels.

You collected 313 gold pieces.
You spent 195 gold pieces at shops.

Inventory:

Hand Weapons
 a - a +0 trident (weapon)
Missiles
 h - 14 poisoned needles
 r - 5 needles of sleeping
 C - 2 poisoned tomahawks (quivered)
Armour
 b - a +0 leather armour (worn)
 c - a +0 helmet (worn)
 k - a +1 pair of gloves (worn)
 o - a +0 cloak (worn)
Jewellery
 u - an uncursed ring of ice
 y - a ring of positive energy (left hand)
 B - a ring of stealth (right hand)
Wands
 n - a wand of polymorph (6/24)
 v - a wand of acid (4/15)
Scrolls
 g - 2 scrolls of teleportation
 i - 2 scrolls of fog
 l - 2 scrolls of amnesia
 m - 8 scrolls of identify
 p - a scroll of remove curse
 s - a scroll of enchant armour
 w - a scroll of fear
Potions
 d - a potion of cancellation
 e - a potion of brilliance
 j - a potion of curing
Books
 t - a book of Maledictions

   Spells                             Type                      Level
   a - Corona                         Hexes                        1
   b - Ensorcelled Hibernation        Hexes/Ice                    2
   c - Confuse                        Hexes                        3
   d - Tukima's Dance                 Hexes                        3
   e - Dazzling Spray                 Conjuration/Hexes            3
Comestibles
 f - 2 bread rations
 q - 2 meat rations
 x - a royal jelly
 A - 2 fruits


   Skills:
 * Level 5.5 Fighting
 * Level 11.6 Polearms
 - Level 2.0 Throwing
 + Level 2.8 Armour
 * Level 6.8 Dodging
 + Level 2.8 Stealth


You had 5 spell levels left.
You knew the following spells:

 Your Spells              Type           Power        Failure   Level  Hunger
a - Dazzling Spray        Conj/Hex       #.....       85%         3    ####...


Dungeon Overview and Level Annotations

Branches:
Dungeon (7/15)
 Temple: D:4-7

Altars:
Cheibriados
Elyvilon
Gozag
Okawaru
Vehumet
Zin

Shops:
D:6 [![%

Annotations:
D:6 1 runed door
D:7 Joseph


Message History

Joseph is almost dead.
You hit Joseph but do no damage.
Joseph is almost dead.
Joseph hits you with a quarterstaff.
* * * LOW HITPOINT WARNING * * *
You completely miss Joseph.
Joseph is almost dead.
You hit Joseph but do no damage.
Joseph is almost dead.
Joseph barely misses you.
You barely miss Joseph.
Joseph is almost dead.
Joseph hits you with a quarterstaff!
* * * LOW HITPOINT WARNING * * *
You barely miss Joseph.
Joseph is almost dead.
You hit Joseph but do no damage.
Joseph is almost dead.
Joseph hits you with a quarterstaff!
You die...

#....##.........^^#.
#..#.##.........(##.
#..#.##..##.^...###.
#........##.........
#.......#######.####
####.#### .... #.#
#.### #.####.# #..
#(..@@.# ## ########


You could see Joseph.

Vanquished Creatures
  The ghost of EvilAshe the Zephyrmancer, a novice VSAE (D:6)
  A black bear (D:6)
  A sky beast (D:7)
  6 ogres
  A centaur (D:5)
  Blork the orc (D:4)
  2 crimson imps (D:6)
  2 hounds
  2 orc priests (D:4)
  Natasha (thrice) (D:2)
  4 worker ants
  A hound zombie (D:5)
  3 gnolls (D:2)
  4 adders
  An adder zombie (D:6)
  2 oozes
  4 worms
  A dart slug (D:3)
  6 leopard geckos
  5 orcs (D:4)
  5 giant cockroaches
  8 goblins
  5 hobgoblins
  8 jackals
  3 quokkas
  2 ball pythons (D:1)
  9 bats
  7 frilled lizards
  3 kobolds
  5 rats
  A plant (D:1)
107 creatures vanquished.

Notes
Turn   | Place    | Note
-------+----------+-------------------------------------------
     0 | D:1      | Leibowitz the Merfolk Gladiator began the quest for the Orb.
     0 | D:1      | Reached XP level 1. HP: 16/16 MP: 1/1
   141 | D:1      | Reached XP level 2. HP: 17/23 MP: 2/2
   522 | D:1      | Reached skill level 5 in Polearms
   597 | D:1      | Reached XP level 3. HP: 27/28 MP: 3/3
   974 | D:2      | Found a faded altar of an unknown god.
  1382 | D:2      | Found a glowing silver altar of Zin.
  1415 | D:2      | Reached skill level 6 in Polearms
  1415 | D:2      | Reached XP level 4. HP: 34/34 MP: 4/4
  1615 | D:2      | Found an iron altar of Okawaru.
  1630 | D:2      | Became a worshipper of Warmaster Okawaru
  1761 | D:2      | Noticed Natasha
  1766 | D:2      | Killed Natasha
  1766 | D:2      | Reached XP level 5. HP: 39/40 MP: 5/5
  1930 | D:2      | Noticed Natasha
  1979 | D:2      | Killed Natasha
  2189 | D:2      | Noticed Natasha
  2198 | D:2      | Killed Natasha
  2198 | D:2      | Reached skill level 7 in Polearms
  2504 | D:3      | Learned a level 3 spell: Dazzling Spray
  2526 | D:3      | Found a snail-covered altar of Cheibriados.
  2750 | D:4      | Reached skill level 5 in Dodging
  2828 | D:4      | Noticed Blork the orc
  2839 | D:4      | Killed Blork the orc
  2839 | D:4      | Reached skill level 1 in Armour
  2839 | D:4      | Reached skill level 1 in Stealth
  2839 | D:4      | Reached XP level 6. HP: 30/47 MP: 6/6
  3118 | D:4      | Reached skill level 8 in Polearms
  3401 | D:4      | Reached XP level 7. HP: 36/54 MP: 7/7
  3869 | D:5      | Entered Level 5 of the Dungeon
  3918 | D:5      | Reached * piety under Okawaru
  4164 | D:5      | Found an opulent altar of Gozag.
  4270 | D:5      | Reached skill level 9 in Polearms
  4575 | D:5      | Found a white marble altar of Elyvilon.
  4824 | D:6      | Found a white marble altar of Elyvilon.
  4824 | D:6      | Found a runed door.
  4824 | D:6      | Noticed an angel
  4859 | D:6      | Reached ** piety under Okawaru
  4859 | D:6      | Reached skill level 10 in Polearms
  4859 | D:6      | Reached XP level 8. HP: 48/61 MP: 8/8
  4942 | D:6      | Found Pujap's Food Shop.
  4943 | D:6      | Found Jaggudy's Antique Armour Shop.
  4946 | D:6      | Found Fulah's Armour Shop.
  4947 | D:6      | Found Tiagodar's Distillery.
  4952 | D:6      | Bought a potion of mutation for 120 gold pieces
  4953 | D:6      | Bought a potion of heal wounds for 75 gold pieces
  4974 | D:6      | Noticed EvilAshe's ghost (novice VSAE)
  5022 | D:6      | Killed EvilAshe's ghost
  5022 | D:6      | Reached skill level 5 in Fighting
  5029 | D:6      | HP: 3/62 [poisoned by EvilAshe's ghost]
  5036 | D:6      | HP: 3/62 [poisoned by EvilAshe's ghost]
  5039 | D:6      | Reached skill level 11 in Polearms
  5041 | D:6      | HP: 2/62 [poisoned by EvilAshe's ghost]
  5894 | D:7      | Upgraded the game from 0.20-a0-1063-gb8e8b7e to 0.20-a0-1073-g49e0d3e
  5916 | D:7      | Found a radiant altar of Vehumet.
  6129 | D:7      | Reached *** piety under Okawaru
  6129 | D:7      | Reached XP level 9. HP: 48/68 MP: 9/9
  6246 | D:7      | Noticed Joseph
  6274 | D:7      | HP: 1/68 [Joseph/quarterstaff (8)]
  6276 | D:7      | Mangled by Joseph

Vault maps used:
D:1:      dpeg_arrival_solitude, serial_forest, infiniplex_forest_lined_room_3,
          infiniplex_forest_lined_room_2, infiniplex_forest_diagonal,
          infiniplex_forest_split, infiniplex_forest_lined_1,
          infiniplex_forest_straight_3, infiniplex_forest_lined_1,
          infiniplex_forest_corner_2, minmay_surrounded
D:2:      zin_scriptorium, kennysheep_okawaru_gauntlet,
          chequers_ecumenical_altar_simple_redux, uniq_natasha
D:3:      nicolae_overflow_crystal_walls
D:4:      uniq_blork_the_orc
D:5:      lemuel_round_altar, first_bread, st_stairs_11, grunt_gozag_statues
D:6:      minmay_shop_grid_forest, lemuel_angel_altar
D:7:      vehumet_crystals, marbit_many_paths, minmay_temple_entry_hall,
          minmay_holes, corexii_corridor_pit, uniq_joseph

Skill      XL: |  1  2  3  4  5  6  7  8 |
---------------+-------------------------+-----
Polearms       | 5 6 7 8 10 11 | 11.6
Fighting       | 3 4 5 |  5.5
Dodging        | 5 6 |  6.8
Armour         | 1 2 |  2.8
Stealth        | 1 2 |  2.8
Throwing       | |  2.0

Action                   |  1- 3 |  4- 6 |  7- 9 || total
-------------------------+-------+-------+-------++-------
Melee: Trident           |   149 |   219 |   211 ||   579
       Unarmed           |       |    12 |       ||    12
Throw: Throwing net      |       |     3 |       ||     3
       Tomahawk          |       |       |     6 ||     6
  Use: Potion            |       |     6 |    10 ||    16
       Scroll            |       |       |    10 ||    10
 Stab: Sleeping          |     2 |     2 |     4 ||     8
       Held in net/web   |       |     4 |       ||     4
  Eat: Chunk             |     2 |     7 |     4 ||    13
       Meat ration       |       |       |     1 ||     1
Armor: Leather armour    |    38 |    35 |    18 ||    91
Dodge: Dodged            |    87 |   133 |   104 ||   324
